 Dungeon Crawl Stone Soup version 0.27-a0-242-ge0fc76b88b (webtiles) character file.

Game seed: 8221301653286603455

31 Borgoz the Slasher (level 3, 0/30 HPs)
             Began as a Ghoul Gladiator on Feb 2, 2021.
             Was an Initiate of Ashenzari.
             Slain by a goblin
             ... wielding a +0 dagger
             ... led by Robin
              (2 damage)
             ... on level 2 of the Dungeon.
             The game lasted 00:01:39 (1064 turns).

Borgoz the Slasher (Ghoul Gladiator)                Turns: 1064, Time: 00:01:40

Health: 0/30       AC:  6    Str: 17    XL:     3   Next: 22%
Magic:  2/2        EV: 11    Int:  3    God:    Ashenzari [......]
Gold:   31         SH:  5    Dex: 11    Spells: 2/2 levels left

rFire    . . .     SeeInvis .   a - +0 long sword
rCold    + + .     Faith    .   (no shield)
rNeg     + + +     Spirit   .   k - +0 ring mail (curse)
rPois    ∞         Reflect  +   h - +1 hat
rElec    .         Harm     .   (no cloak)
rCorr    .         Rampage  .   (no gloves)
Will     .....                  (no boots)
Stlth    +.........             n - amulet of reflection
HPRegen  0.00/turn              c - ring of protection from cold
MPRegen  0.08/turn              (no ring)

@: no status effects
A: claws 1, cold resistance 1, negative energy resistance 3, inhibited
regeneration, torment resistance, unbreathing
a: Renounce Religion, Curse Item


You were on level 2 of the Dungeon.
You worshipped Ashenzari.
Ashenzari was noncommittal.
You visited 1 branch of the dungeon, and saw 2 of its levels.

You collected 31 gold pieces.

Inventory:

Hand Weapons
 a - a +0 long sword (weapon)
Missiles
 d - 3 throwing nets (quivered)
Armour
 h - a +1 hat (worn)
 k - a cursed +0 ring mail (worn)
Jewellery
 c - a ring of protection from cold (left claw)
 n - an amulet of reflection (around neck)
Scrolls
 b - a scroll of enchant armour
 e - a scroll of blinking
 g - a scroll of magic mapping
 i - 2 scrolls of enchant weapon {unknown}
 l - a scroll of remove curse
 m - a scroll of immolation {unknown}
Potions
 j - a potion of cancellation


   Skills:
 + Level 2.6 Fighting
 * Level 3.2 Long Blades
 - Level 1.7 Throwing
 + Level 0.8 Armour
 + Level 2.9 Dodging


You had 2 spell levels left.
You didn't know any spells.
Your spell library was empty.

Dungeon Overview and Level Annotations

Branches:
Dungeon (2/15)

Altars:
Ashenzari

Annotations:
D:2 Robin, Terence


Innate Abilities, Weirdness & Mutations

You thrive by killing the living.
You are immune to poison.
You have sharp fingernails.
Your flesh is cold resistant. (rC+)
You are immune to negative energy. (rN+++)
You do not regenerate when monsters are visible.
You are immune to unholy pain and torment.
You can survive without breathing.


Message History

Terence is almost dead.
The goblin barely misses you. The goblin closely misses you.
You riposte.
You closely miss the goblin. You barely miss the goblin.
The goblin is heavily wounded.
The goblin no longer looks unusually strong. x2
The goblin hits you but does no damage. Terence barely misses you.
You riposte.
You closely miss Terence.
Terence is almost dead.
Robin roars a battlecry!
The goblins go into a battle-frenzy!
You block the goblin's attack. The goblin hits you but does no damage.
You closely miss the goblin.
The goblin is heavily wounded.
The hobgoblin no longer looks unusually strong.
Terence says, "Rest in peace."
Terence hits you with a +1 short sword of protection.
* * * LOW HITPOINT WARNING * * *
The goblin hits you with a +0 dagger.
You die...

# ># ########### #g#####
..........#######ggg..(.
##.##.###......g@ggg....
#.##.########.##@g##.##
#†##..........# g.#
#.############# ..#
#.##### ... #.#...# .##.
#...#.# .# .. ###...# .#
.# ##†## ####


You could see Terence, Robin, 2 hobgoblins and 7 goblins.

Vanquished Creatures
  2 dart slugs
  A ball python (D:2)
  3 bats
  A giant cockroach (D:1)
  6 goblins
  2 hobgoblins
  2 quokkas (D:2)
  A frilled lizard (D:1)
  3 kobolds
  4 rats
25 creatures vanquished.

Notes
Turn   | Place    | Note
-------+----------+-------------------------------------------
     0 | D:1      | Borgoz the Ghoul Gladiator began the quest for the Orb.
     0 | D:1      | Reached XP level 1. HP: 17/17 MP: 0/0
   190 | D:1      | Reached XP level 2. HP: 25/25 MP: 1/1
   228 | D:1      | Reached skill level 3 in Long Blades
   764 | D:2      | Found a broken altar of Ashenzari.
   811 | D:2      | Became a worshipper of Ashenzari the Shackled
  1020 | D:2      | Reached XP level 3. HP: 30/30 MP: 2/2
  1050 | D:2      | Noticed Terence
  1050 | D:2      | Noticed Robin
  1064 | D:2      | Slain by a goblin

Illustrated notes

Levels and vault maps discovered:
D:1:      dpeg_arrival_more_subterranean_lakeside_camping, layout_rooms,
          grunt_decor_clamped
D:2:      layout_loops_ring, nicolae_overflow_crystal_walls,
          ashenzari_conservatory_becter, minmay_stone_trees_small, uniq_robin,
          uniq_terence

Skill      XL: |  1  2 |
---------------+-------+-----
Long Blades    | 3 |  3.2
Fighting       | |  2.6
Throwing       | |  1.7
Armour         | |  0.8
Dodging        | |  2.9

Action                   || total
-------------------------++-------
Melee: Long sword        ||    51
  Use: Scroll            ||     5
Armor: Leather armour    ||     4
       Ring mail         ||    10
Dodge: Dodged            ||    37
Block: Other             ||    12
       Rpst.: Long sword ||    15

Table legend: (Time is in decaauts)
 A = Elapsed time spent in this place.
 B = Non-inter-level travel time spent in this place.
 C = Inter-level travel time spent in this place.
 D = Time resting spent in this place.
 E = Time spent auto-exploring this place.
 F = Levels seen in this place.
 G = Mean time per level.
                   A        B        C        D        E       F      G
               +--------+--------+--------+--------+--------+-----+--------+
         Total |   1076 |   1031 |     45 |      0 |    823 |   2 |  538.0 |
       Dungeon |   1076 |   1031 |     45 |      0 |    823 |   2 |  538.0 |
               +--------+--------+--------+--------+--------+-----+--------+

Top non-repeatable levels by time:
     D:1: 770 daAuts
     D:2: 306 daAuts
